 Dungeon Crawl Stone Soup version 0.29.1-2-gbd0b4ee654 (webtiles) character file.

Game seed: 2181410342036418791

88 Descartes the Ducker (level 4, -2/21 HPs)
             Began as a Spriggan Wanderer on Nov 11, 2022.
             Slain by a hobgoblin
             ... wielding the +7 whip of Ebituor {flame, Dex+9 Stlth+}
              (11 damage)
             ... on level 2 of the Dungeon.
             The game lasted 00:07:29 (2960 turns).

Descartes the Ducker (Spriggan Wanderer)            Turns: 2960, Time: 00:07:30

Health: -2/21      AC:  3    Str:  6    XL:     4   Next: 30%
Magic:  7/8        EV: 19    Int: 14    God:
Gold:   50         SH:  0    Dex: 17    Spells: 6/7 levels left

rFire   . . .      SeeInvis +   h - +2 dagger (vamp)
rCold   . . .      Faith    .   (no shield)
rNeg    . . .      Spirit   .   d - +0 robe
rPois   .          Reflect  .   (helmet restricted)
rElec   .          Harm     .   b - +0 cloak
rCorr   .          Rampage  .   (gloves unavailable)
Will    .....                   (boots unavailable)
Stlth   ++........              (no amulet)
HPRegen 0.07/turn               (no ring)
MPRegen 0.11/turn               (no ring)

@: very quick
A: very small, no large weapons, unfitting armour, see invisible, speed 3
a: no special abilities


You were on level 2 of the Dungeon.
You visited 1 branch of the dungeon, and saw 2 of its levels.

You collected 50 gold pieces.

Inventory:

Hand Weapons
 a - a +0 dagger
 h - a +2 vampiric dagger (weapon)
 j - a +0 sling
Missiles
 p - 8 poisoned darts
 r - 5 boomerangs
Armour
 b - a +0 cloak (worn)
 d - a +0 robe (worn)
Jewellery
 f - a ring of resist corrosion
Wands
 e - a wand of roots (3)
Scrolls
 g - 2 scrolls of enchant weapon {unknown}
 k - a scroll of amnesia {unknown}
 l - a scroll of brand weapon {unknown}
 m - 2 scrolls of poison {unknown}
 o - a scroll of blinking {unknown}
 q - 2 scrolls of identify {unknown}
Potions
 c - a potion of lignification
 i - 2 potions of resistance {unknown}
 n - a potion of heal wounds {unknown}


   Skills:
 + Level 4.8 Dodging
 + Level 2.1 Stealth
 + Level 2.3 Spellcasting
 + Level 0.7 Conjurations
 * Level 1.9 Ice Magic
 - Level 1.0 Invocations
 + Level 4.5 Evocations


You had 6 spell levels left.
You knew the following spells:

 Your Spells              Type           Power      Damage    Failure   Level
a - Freeze                Ice            28%        1d5       11%         1

Your spell library contained the following spells:

 Spells                   Type           Power      Damage    Failure   Level
 Apportation              Tloc           2%         N/A       22%         1
 Necrotise                Necr           4%         1d4       22%         1
 Summon Small Mammal      Summ           4%         N/A       22%         1
 Frozen Ramparts          Ice            14%        1d3       30%         3


Dungeon Overview and Level Annotations

Branches:
Dungeon (2/15)

Altars:


Innate Abilities, Weirdness & Mutations

You are very small and have problems with some larger weapons.
You are too small for most types of armour.
You have supernaturally acute eyesight. (SInv)
You cover ground extremely quickly. (Speed+++)


Message History

Aim: Jessica, wielding a +0 club and wearing a +0 robe (heavily wounded)
You freeze Jessica.
Jessica is severely wounded.
Jessica closely misses you.
Unknown command.
Casting: Freeze (safe; 11% risk of failure)
Confirm with . or Enter, or press ? or * to list all spells.
Aiming: Freeze (safe; 11% risk of failure)
Press: ? - help, Shift-Dir - straight line, f/p - Jessica
Aim: Jessica, wielding a +0 club and wearing a +0 robe (severely wounded)
You freeze Jessica.
You kill Jessica!
Your Stealth skill increases to level 2!
You have reached level 4!
Things that are here:
a +0 club; a +0 robe
There is a stone staircase leading up here.
Things that are here:
a +0 club; a +0 robe Done exploring.
Done exploring.
Search for what [? for help]? armor Done exploring.
Things that are here:
a +0 club; a +0 robe A hobgoblin comes into view.
It is wielding the +7 whip of Ebituor {flame, Dex+9 Stlth+}.
You can't go down here!
There is a stone staircase leading down here.
The hobgoblin hits you with the +7 whip of Ebituor {flame, Dex+9 Stlth+}!
The hobgoblin burns you.
Casting: Freeze (safe; 11% risk of failure)
Confirm with . or Enter, or press ? or * to list all spells.
Aiming: Freeze (safe; 11% risk of failure)
Press: ? - help, Shift-Dir - straight line, f - hobgoblin
Aim: a hobgoblin, wielding the +7 whip of Ebituor {flame, Dex+9 Stlth+} You freeze the hobgoblin.
The hobgoblin is severely wounded.
The hobgoblin hits you with the +7 whip of Ebituor {flame, Dex+9 Stlth+}!
Ouch! That really hurt!
You die...

#.##.......##.......#
#########
#.##.#####.##.###...##
#.##.##..............####
..##.##.##.##.#.........#
####.##.##.##.#.#....##.#
#.......##........##.#
####.#####...>....(..#
##...## #........##.#
#.###.# #...@.#####.###
#.# #.# #...g.........#
#.###.# #.....##.##.#.#
##...## #.....##.##.#.#
###.# ########)##.#.#
####.# #........#.#
####....# #.###.#..#.#
#.......# #.###......#
#.##.##.# #.##.....###


You could see a hobgoblin.

Vanquished Creatures
  Jessica (D:2)
  2 adders (D:2)
  A worm (D:2)
  5 bats
  4 endoplasms
  2 giant cockroaches
  6 hobgoblins
  A quokka (D:2)
  8 ball pythons
  A frilled lizard (D:1)
  4 goblins
  2 kobolds
  4 rats
41 creatures vanquished.

Notes
Turn   | Place    | Note
-------+----------+-------------------------------------------
     0 | D:1      | Descartes the Spriggan Wanderer began the quest for the
                  | Orb.
     0 | D:1      | Descartes set off with the following items: a +0 dagger, a
                  | +0 cloak, a potion of lignification, a +0 robe, a wand of
                  | roots (3); and the following spell memorised: Freeze; and
                  | the following spells available to memorise: Frozen
                  | Ramparts.
     0 | D:1      | Reached XP level 1. HP: 9/9 MP: 3/3
    44 | D:1      | Found a faded altar of an unknown god.
   247 | D:1      | Reached XP level 2. HP: 13/13 MP: 2/5
   506 | D:1      | Reached skill level 1 in Stealth
  1635 | D:2      | Reached XP level 3. HP: 13/16 MP: 2/6
  2606 | D:2      | Noticed Jessica
  2612 | D:2      | Killed Jessica
  2613 | D:2      | Reached XP level 4. HP: 5/21 MP: 5/8
  2955 | D:2      | Identified the +7 whip of Ebituor {flame, Dex+9 Stlth+}
  2960 | D:2      | Slain by a hobgoblin

Illustrated notes

Levels and vault maps discovered:
D:1:      saegor_arrival_simple_e, layout_rooms,
          ebering_ecumenical_altar_petrified, grunt_decor_mini_mirrors
D:2:      layout_loops_cross, uniq_jessica

Skill      XL: |  1  2  3 |
---------------+----------+-----
Stealth        | 1 2 |  2.1
Spellcasting   | 2 |  2.3
Dodging        | |  4.8
Conjurations   | |  0.7
Ice Magic      | |  1.9
Invocations    | |  1.0
Evocations     | |  4.5

Action                   |  1- 3 |  4- 6 || total
-------------------------+-------+-------++-------
Melee: Dagger            |    48 |       ||    48
 Cast: Freeze            |    62 |     1 ||    63
 Stab: Sleeping          |     5 |       ||     5
Armor: Robe              |     7 |       ||     7
Dodge: Dodged            |    80 |       ||    80
